 Dungeon Crawl Stone Soup version 0.28.0 (webtiles) character file.

Game seed: 13800191676994502128

70 Dani the Chopper (level 4, -1/28 HPs)
             Began as a Gargoyle Fighter on Feb 20, 2022.
             Slain by an iguana (7 damage)
             ... on level 4 of the Dungeon.
             The game lasted 00:01:47 (865 turns).

Dani the Chopper (Gargoyle Fighter)                  Turns: 865, Time: 00:01:48

Health: -1/28      AC: 13    Str: 21    XL:     4   Next: 22%
Magic:  4/4        EV:  9    Int:  9    God:
Gold:   46         SH:  4    Dex: 12    Spells: 3/3 levels left

rFire   . . .      SeeInvis .   a - +0 war axe
rCold   . . .      Faith    .   c - +0 buckler
rNeg    + . .      Spirit   .   b - +0 scale mail
rPois   ∞          Reflect  .   (no helmet)
rElec   +          Harm     .   (no cloak)
rCorr   .          Rampage  .   e - +2 pair of gloves {Dex+3}
Will    .....                   (no boots)
Stlth   ..........              (no amulet)
HPRegen 0.09/turn               (no ring)
MPRegen 0.09/turn               (no ring)

@: no status effects
A: sickness immunity, AC +3, negative energy resistance 1, electricity
resistance, torment resistance 1, petrification resistance
a: no special abilities


You were on level 4 of the Dungeon.
You visited 1 branch of the dungeon, and saw 5 of its levels.

You collected 46 gold pieces.

Inventory:

Hand Weapons
 a - a +0 war axe (weapon)
 f - a +1 hunting sling of flaming
   (You found it on level 2 of the Dungeon)
Armour
 b - a +0 scale mail (worn)
 c - a +0 buckler (worn)
 e - a +2 pair of gloves of dexterity (worn)
   (You acquired it on level 3 of the Dungeon)
Scrolls
 g - a scroll of holy word {unknown}
 h - 2 scrolls of identify {unknown}
Potions
 d - a potion of might


   Skills:
 - Level 3.2 Fighting
 + Level 4.0 Axes
 - Level 3.2 Armour
 - Level 3.2 Shields


You had 3 spell levels left.
You didn't know any spells.
Your spell library contained the following spells:

 Spells                   Type           Power      Damage    Failure   Level
 Foxfire                  Conj/Fire      0%         2x1d4     82%         1
 Summon Guardian Golem    Hex/Summ       0%         N/A       99%         3
 Starburst                Conj/Fire      0%         6d3       100%        6
 Monstrous Menagerie      Summ           0%         N/A       100%        7


Dungeon Overview and Level Annotations

Branches:
Dungeon (5/15)
 Temple: D:4-7

Altars:


Innate Abilities, Weirdness & Mutations

You are immune to sickness and miasma.
Your stone body is resilient. (AC +3)
You are immune to poison.
You resist negative energy. (rN+)
You are resistant to electric shocks. (rElec)
You are resistant to unholy torment.
You are immune to petrification.


Message History

A hobgoblin is nearby!
The hobgoblin hits you but does no damage.
You barely miss the hobgoblin. The hobgoblin hits you.
You closely miss the hobgoblin.
The hobgoblin hits you but does no damage.
The hobgoblin hits you.
You barely miss the hobgoblin. The hobgoblin hits you.
You slash the hobgoblin!
You kill the hobgoblin!
No target in view!
No target in view!
Found a stone staircase leading down.
You now have 46 gold pieces (gained 13).
An endoplasm comes into view.
Found 7 gold pieces.
The endoplasm quivers.
The endoplasm moves out of view.
An endoplasm is nearby!
An endoplasm is nearby!
An endoplasm is nearby!
The endoplasm freezes you.
You are frozen.
* * * LOW HITPOINT WARNING * * *
You slash the endoplasm!
You kill the endoplasm!
No target in view!
No target in view!
Found Bownotro's Guide on Summoning and Flames.
Found a stone staircase leading up.
No target in view!
No target in view!
You start resting.
HP restored.
Found 28 stones.
Found a runed ring mail.
Found a scroll labelled GEDDUT OCRUSCHO.
You pick up Bownotro's Guide on Summoning and Flames and begin reading...
You add the spells Foxfire, Summon Guardian Golem, Starburst and Monstrous Menagerie to your library.
Found a scroll labelled XESEFEI FINE.
g - a scroll labelled GEDDUT OCRUSCHO
Found a stone staircase leading up.
Found a stone staircase leading down.
h - 2 scrolls labelled XESEFEI FINE (gained 1) 2 orcs come into view.
Found 10 gold pieces.
The orc shouts! x2
An orc comes into view.
It is wielding a +0 short sword and quivering silver boomerangs.
The orc hits you with a +0 whip.
You slash the orc!
You kill the orc!
You hit the orc. You block the orc's attack.
You slash the orc!
You kill the orc!
You barely miss the orc. The orc closely misses you.
You hit the orc.
The orc is heavily wounded.
The orc hits you but does no damage. The orc hits you with a +0 short sword.
You closely miss the orc.
The orc is heavily wounded.
The orc hits you but does no damage.
You hit the orc.
The orc is severely wounded.
The orc barely misses you.
You slash the orc!
You kill the orc!
Your Axes skill increases to level 4!
Items here: ( )) †.
No target in view!
There is a stone staircase leading down here.
No target in view!
An iguana comes into view.
There is a stone staircase leading down here.
The iguana hisses angrily.
You climb downwards.
There is a stone staircase leading up here.
You climb upwards.
There is a stone staircase leading down here.
You block the iguana's attack.
You barely miss the iguana. The iguana bites you.
You slash the iguana!
The iguana is severely wounded.
You block the iguana's attack.
You barely miss the iguana.
The iguana is severely wounded.
The iguana bites you.
* * * LOW HITPOINT WARNING * * *
The iguana closely misses you.
You hit the iguana.
The iguana is severely wounded.
You block the iguana's attack. The iguana bites you!
* * * LOW HITPOINT WARNING * * *
You are too injured to fight recklessly!
You are too injured to fight recklessly!
You are too injured to fight recklessly!
You are too injured to fight recklessly!
You closely miss the iguana.
The iguana is severely wounded.
The iguana bites you!
You die...

..........# ##.........#
#......#...#. #............
#......#.... #...........
.#####...$....# .........@...#
##....>.l..#. ###.(.........
##. #.)###.#.###
....#######.## #.# #
#..........###.##
#............#..###### ## #
....####...............##[#.##
. ##..#....#.................


You could see an iguana.

Vanquished Creatures
  A hound (D:4)
  2 adders (D:2)
  3 orcs (D:4)
  3 endoplasms
  2 hobgoblins
  2 jackals (D:3)
  A kobold (D:3)
  A quokka (D:2)
  2 ball pythons
  A bat (D:3)
  A rat (D:3)
19 creatures vanquished.

Notes
Turn   | Place    | Note
-------+----------+-------------------------------------------
     0 | D:1      | Dani the Gargoyle Fighter began the quest for the Orb.
     0 | D:1      | Reached XP level 1. HP: 14/14 MP: 1/1
    94 | D:2      | Reached skill level 2 in Axes
   127 | D:2      | HP: 3/14 [frozen (5)]
   128 | D:2      | HP: 1/14 [adder (1)]
   130 | D:2      | Reached XP level 2. HP: 2/19 MP: 2/2
   424 | D:2      | Reached skill level 3 in Axes
   434 | D:3      | Reached XP level 3. HP: 23/23 MP: 3/3
   589 | D:3      | Identified a scroll of acquirement
   589 | D:3      | Acquired a +2 pair of gloves of dexterity
   669 | D:4      | Reached XP level 4. HP: 23/28 MP: 4/4
   822 | D:4      | Got Bownotro's Guide on Summoning and Flames
   851 | D:4      | Reached skill level 4 in Axes
   856 | D:5      | Entered Level 5 of the Dungeon
   864 | D:4      | HP: 6/28 [iguana (7)]
   865 | D:4      | Slain by an iguana

Illustrated notes

Levels and vault maps discovered:
D:1:      evilmike_arrival_hilbert_curve, layout_basic,
          chequers_serial_rivers_micro_e
D:2:      layout_basic, minmay_tripent
D:3:      layout_loops_cross, hangedman_abyss_or_decor_stabs, dk_noncrumbling_2,
          uniq_grinder
D:4:      layout_cave_pools, nicolae_alphabet_shops, minmay_rat_hole
D:5:      layout_basic, mainiacjoe_overflow_surrounded_room, temple_fountains

Skill      XL: |  1  2  3  4 |
---------------+-------------+-----
Axes           | 2 3 4 |  4.0
Fighting       | |  3.2
Armour         | |  3.2
Shields        | |  3.2

Action                   |  1- 3 |  4- 6 || total
-------------------------+-------+-------++-------
Melee: War axe           |    45 |    16 ||    61
  Use: Scroll            |     2 |       ||     2
Armor: Scale mail        |    30 |     4 ||    34
Dodge: Dodged            |    34 |     3 ||    37
Block: Buckler           |     8 |     4 ||    12

Table legend: (Time is in decaauts)
 A = Elapsed time spent in this place.
 B = Non-inter-level travel time spent in this place.
 C = Inter-level travel time spent in this place.
 D = Time resting spent in this place.
 E = Time spent auto-exploring this place.
 F = Levels seen in this place.
 G = Mean time per level.
                   A        B        C        D        E       F      G
               +--------+--------+--------+--------+--------+-----+--------+
         Total |    887 |    844 |     43 |    519 |     72 |   5 |  177.4 |
       Dungeon |    887 |    844 |     43 |    519 |     72 |   5 |  177.4 |
               +--------+--------+--------+--------+--------+-----+--------+

Top non-repeatable levels by time:
     D:2: 353 daAuts
     D:3: 235 daAuts
     D:4: 207 daAuts
     D:1: 88 daAuts
     D:5: 1 daAuts

Table legend:
 A = Kills in this place as a percentage of kills in entire the game.
 B = Kills by you in this place as a percentage of kills by you in the entire game.
 C = Kills by friends in this place as a percentage of kills by friends in the entire game.
 D = Other kills in this place as a percentage of other kills in the entire game.
 E = Experience gained in this place as a percentage of experience gained in the entire game.
 F = Experience gained in this place divided by the number of levels of this place that you have seen.
                   A       B       C       D       E      F
               +-------+-------+-------+-------+-------+----------------------
         Total | 100.0 | 100.0 |   N/A |   N/A | 100.0 |  20.2
       Dungeon | 100.0 | 100.0 |   N/A |   N/A | 100.0 |  20.2
               +-------+-------+-------+-------+-------+----------------------
